 Dungeon Crawl Stone Soup version 0.29.0-4-gdea44cf6ec (webtiles) character file.

Game seed: 16178053598119293665

11 qw the Sneak (level 2, -2/19 HPs)
             Began as a Gargoyle Delver on Sept 10, 2022.
             Slain by Edmund
             ... wielding a +2 vorpal flail
              (4 damage)
             ... on level 4 of the Dungeon.
             The game lasted 00:00:05 (142 turns).

qw the Sneak (Gargoyle Delver)                       Turns: 142, Time: 00:00:06

Health: -2/19      AC:  5    Str: 15    XL:     2   Next: 29%
Magic:  2/2        EV: 11    Int: 10    God:
Gold:   9          SH:  0    Dex: 11    Spells: 1/1 levels left

rFire   . . .      SeeInvis .   a - +0 hand axe
rCold   . . .      Faith    .   (no shield)
rNeg    + . .      Spirit   .   b - +0 leather armour
rPois   inf        Reflect  .   (no helmet)
rElec   +          Harm     .   (no cloak)
rCorr   .          Rampage  .   (no gloves)
Will    .....                   (no boots)
Stlth   +++.......              (no amulet)
HPRegen 0.06/turn               (no ring)
MPRegen 0.08/turn               (no ring)

@: no status effects
A: sickness immunity, AC +2, negative energy resistance 1, electricity
resistance, torment resistance 1, petrification resistance
a: no special abilities


You were on level 4 of the Dungeon.
You visited 1 branch of the dungeon, and saw 2 of its levels.

You collected 9 gold pieces.


Innate Abilities, Weirdness & Mutations

You are immune to sickness and miasma.
Your stone body is resilient. (AC +2)
You are immune to poison.
You resist negative energy. (rN+)
You are resistant to electric shocks. (rElec)
You are resistant to unholy torment.
You are immune to petrification.


   Skills:
 - Level 3.2 Fighting
 + Level 2.6 Axes
 - Level 1.5 Dodging
 - Level 5.4 Stealth


You had one spell level left.
You didn't know any spells.
Your spell library was empty.

Inventory:

Hand Weapons
 a - a +0 hand axe (weapon)
 c - a +0 hammer
Armour
 b - a +0 leather armour (worn)
Wands
 g - a wand of digging (3)
Potions
 f - a potion of haste

Dungeon Overview and Level Annotations

Branches:
Dungeon (5/15)
 Temple: D:4-7

Altars:

Annotations:
D:4 1 runed translucent door, Crazy Yiuf, Edmund


Message History

You hit the adder but do no damage.
The adder is almost dead.
The adder bites you but does no damage. x2
You slash the adder!
You kill the adder!
Your Axes skill increases to level 2!
You have reached level 2!
You start resting.
HP restored.
You now have 9 gold pieces.
c - a +0 hammer A goblin comes into view.
It is wielding a +0 club and quivering poisoned darts.
84 ||| Stepping ~*~*~tactically~*~*~ (stealth).
85 ||| Stepping ~*~*~tactically~*~*~ (stealth).
Found a hammer.
Crazy Yiuf shouts!
A ball python comes into view.
Enter note: The ball python hisses angrily.
Edmund the Younger comes into view.
He is wielding a +2 vorpal flail.
You hit the ball python.
You kill the ball python!
You see here a ball python corpse.
Edmund shouts!
You hear a shout! x2
Found an escape hatch in the ceiling.
You hit Edmund but do no damage. Edmund hits you with a +2 vorpal flail.
You barely miss Edmund.
Edmund hits you with a +2 vorpal flail. x2
You hit Edmund but do no damage. Edmund closely misses you.
You hit Edmund.
Edmund is lightly wounded.
Edmund closely misses you.
You closely miss Edmund.
Edmund is lightly wounded.
Edmund hits you but does no damage.
You closely miss Edmund.
Edmund is lightly wounded.
Edmund hits you with a +2 vorpal flail.
You die...

###.#..####.##..... #
#.#..####.##..### ..<
..#...........#####...
.###.#...###...........
.. ..###.###%..........
. #............. .#
###........... ..
#........... ..
##..@.......
###@....... .........
.......### ........#
.........# ..........#
...........#


You could see Edmund.

Vanquished Creatures
  An adder (D:4)
  A quokka (D:4)
  A ball python (D:4)
3 creatures vanquished.

Notes
Turn   | Place    | Note
-------+----------+-------------------------------------------
     0 | D:5      | qw the Gargoyle Delver began the quest for the Orb.
     0 | D:5      | Reached XP level 1. HP: 14/14 MP: 1/1
     0 | D:5      | 0 ||| qw: Version: 0.1-a-116-g5d60599
     0 | D:5      | 0 ||| qw: Game counter: 8953
     0 | D:5      | 0 ||| qw: Always use a shield: true
     0 | D:5      | 0 ||| qw: God list: Okawaru
     0 | D:5      | 0 ||| qw: Allow faded altars: false
     0 | D:5      | 0 ||| qw: Do Orc after D:15 true
     0 | D:5      | 0 ||| qw: Do second Lair branch before Depths: true
     0 | D:5      | 0 ||| qw: Lair rune preference: random
     0 | D:5      | 0 ||| qw: Plans: Normal
     0 | D:5      | 0 ||| PLANNING D:1-11
     0 | D:5      | 0 ||| DROPPING scroll of fog.
     1 | D:5      | 1 ||| DROPPING scroll of magic mapping.
     2 | D:5      | 2 ||| DROPPING scroll of fear.
    41 | D:4      | Reached XP level 2. HP: 17/19 MP: 2/2
    84 | D:4      | 84 ||| Stepping ~*~*~tactically~*~*~ (stealth).
    85 | D:4      | 85 ||| Stepping ~*~*~tactically~*~*~ (stealth).
    88 | D:4      | Found a runed translucent door.
    89 | D:4      | Noticed Crazy Yiuf
   123 | D:4      | Noticed Edmund
   138 | D:4      | HP: 3/19 [Edmund/+2 vorpal flail (2)]
   142 | D:4      | Slain by Edmund

Levels and vault maps discovered:
D:4:      layout_basic, kennysheep_mini_moat, hangedman_abyss_or_decor_stabs,
          uniq_grinder, uniq_crazy_yiuf_cottage, uniq_edmund, uniq_robin
D:5:      layout_basic, nicolae_overflow_two_pavilions, nrook_campfire,
          uniq_menkaure, uniq_ijyb, uniq_blork_the_orc

Skill      XL: |  1 |
---------------+----+-----
Axes           | 2 |  2.6
Fighting       | |  3.2
Dodging        | |  1.5
Stealth        | |  5.4

Action                   || total
-------------------------++-------
Melee: Hand axe          ||    24
Armor: Leather armour    ||    15
Dodge: Dodged            ||    13

Table legend:
 A = Non-vault XP
 B = Vault XP
 C = Vault XP percentage of total XP
 D = Non-vault monster count
 E = Vault monster count
 F = Vault count percentage of total count
                 A         B        C        D         E       F
            +---------+---------+-------+---------+---------+-------
      Total |      17 |       0 |   0.0 |       3 |       0 |   0.0
            +---------+---------+-------+---------+---------+-------
        D:4 |      17 |       0 |   0.0 |       3 |       0 |   0.0
            +---------+---------+-------+---------+---------+-------
